 Dungeon Crawl Stone Soup version 0.21-a0-46-gdf2c162 (webtiles) character file.

102519 Duffy the Fencer (level 15, 128/128 HPs)
             Began as a Centaur Gladiator on June 7, 2017.
             Was the Champion of Cheibriados.
             Quit the game on level 2 of the Abyss.
             The game lasted 00:39:49 (33737 turns).

Duffy the Fencer (Centaur Gladiator)               Turns: 33737, Time: 00:39:50

Health: 128/128    AC: 37    Str: 38    XL:     15   Next: 86%
Magic:  30/30      EV:  9    Int: 20    God:    Cheibriados [******]
Gold:   475        SH:  4    Dex: 26    Spells: 14/14 levels left

rFire    . . .     SeeInvis .   a - +5 great sword
rCold    + . .     Gourm    .   (shield currently unavailable)
rNeg     . . .     Faith    .   e - +11 plate armour of the Blizzard {rElec}
rPois    +         Spirit   .   q - +2 helmet
rElec    +         Reflect  +   w - +0 cloak
rCorr    .         Harm     .   S - +2 pair of gloves
MR       +....                  k - +0 centaur barding {rC+}
Stlth    ..........             G - +4 amulet of reflection
Regen    0.4/turn               j - ring of magical power
MPRegen  0.3/turn               P - ring of poison resistance

@: drained, very slow
A: hooves 3, deformed body, dopey 1, speed 2, mutation resistance 1, tough skin
3
a: Bend Time, Temporal Distortion, Slouch, Step From Time, Renounce Religion


You were on level 2 of the Abyss.
You worshipped Cheibriados.
Cheibriados was exalted by your worship.
You were full.

You visited 3 branches of the dungeon, and saw 23 of its levels.
You visited the Abyss 1 time.
You also visited: Labyrinth.

You collected 2179 gold pieces.
You spent 1704 gold pieces at shops.

Inventory:

Hand Weapons
 a - a +5 great sword (weapon)
 b - a +2 morningstar of freezing
 z - a +1 scimitar of slicing
 C - a +0 blowgun
 M - a +1 great sword of slicing
Missiles
 d - 4 throwing nets (quivered)
 T - 14 curare-tipped needles
Armour
 e - the +11 plate armour of the Blizzard (worn) {rElec}
   (You found it on level 9 of the Dungeon)

   It insulates you from electricity.
 k - a +0 centaur barding of cold resistance (worn)
 o - +1 pearl dragon scales
 q - a +2 helmet (worn)
 w - a +0 cloak (worn)
 S - a +2 pair of gloves (worn)
Jewellery
 j - a ring of magical power (left hand)
 y - an uncursed ring of flight
 B - an uncursed ring of protection from cold
 D - an uncursed ring of fire
 G - a +4 amulet of reflection (around neck)
 P - a ring of poison resistance (right hand)
 W - an uncursed ring of stealth {unknown}
Wands
 c - a wand of paralysis (10/24)
 g - a wand of digging (12/24)
 V - a wand of disintegration (13/24)
 X - a wand of confusion (23/48)
 Y - a wand of digging (5/24)
Scrolls
 i - 3 scrolls of fear
 p - 2 scrolls of remove curse
 r - a scroll of enchant weapon
 v - 5 scrolls of fog
 E - 4 scrolls of magic mapping
 F - 2 scrolls of immolation
 H - a scroll of enchant armour
 I - 4 scrolls of blinking
 J - 2 scrolls of recharging
 N - 2 scrolls of teleportation
 R - 2 scrolls of vulnerability
 U - 6 scrolls of identify
Potions
 m - 7 potions of magic
 n - 9 potions of curing
 s - 2 potions of brilliance
 t - a potion of ambrosia
 u - 5 potions of mutation
 x - a potion of cancellation
 A - 3 potions of flight
 L - 5 potions of might
 O - 3 potions of invisibility
 Q - a potion of agility
Comestibles
 f - 14 bread rations
 h - 28 fruits
 l - 4 meat rations
 K - 9 royal jellies
 Z - 8 chunks of flesh


   Skills:
 + Level 10.7(10.6) Fighting
 + Level 18.7(18.6) Long Blades
 - Level 2.1 Throwing
 + Level 9.5(9.4) Armour
 + Level 6.0 Dodging
 - Level 9.0 Invocations


You had 14 spell levels left.
You didn't know any spells.

Dungeon Overview and Level Annotations

Branches:
Dungeon (15/15)            Temple (0/1) D:5            Lair (6/6) D:9
  Swamp (0/4) Lair:3        Snake (0/4) Lair:3        Slime (0/5) Lair:5
    Orc (2/2) D:10            Elf (0/3) Orc:2        Vaults (0/5) D:13
 Depths: D:15

Altars:
Cheibriados
Hepliaklqana
Kikubaaqudgha
Makhleb
Nemelex Xobeh
Okawaru
Qazlal
Sif Muna
Trog
Uskayaw
Vehumet
Xom
Yredelemnul
Beogh

Shops:
D:10 (   Orc:2 !![}

Portals:
Pandemonium: Orc:2

Annotations:
Lair:1 exclusion: 4 oklob plants
Lair:4 1 exclusion


Innate Abilities, Weirdness & Mutations

You have hooves in place of feet.
Armour fits poorly on your strangely shaped body.
You cover ground very quickly.
You have extremely tough skin. (AC +3)
You are dopey. (Int -2)
You are somewhat resistant to further mutation.


Message History

The orc sorcerer is severely wounded.
The orc sorcerer closely misses you.
A naga mage and a wizard come into view.
You slash the orc sorcerer!
You kill the orc sorcerer!
Cheibriados appreciates the change of pace.
The wizard howls an incantation.
The wizard's hands start to glow.
The wizard gestures at you while chanting.
You are cast into the Abyss!
To return, you must find a gate leading back.
Killing monsters will force the Abyss to allow you passage.
You feel Cheibriados slowing down the madness of this place.
This branch contains the abyssal rune of Zot.
Found a royal jelly.
Save game and exit?
Welcome back, Duffy the Centaur Gladiator.
Cheibriados says: Take it easy.
Press ? for a list of commands and other information.
Are you sure you want to abandon this character and quit the game? (Confirm with "yes".)

# .. # ..# #.
....
#..#####.....
#.......#
#...@..#
#.###'### ...
..... .......
.........
%..........
............#


There were no monsters in sight!

Vanquished Creatures
  Gastronok (D:8)
  Kirke (Lair:6)
  The ghost of anet the Protected, an adept MiFi of Ashenzari (Lair:6)
  A minotaur (Lab)
  A yaktaur captain (D:9)
  4 vault guards (D:13)
  A catoblepas (Lair:4)
  6 hydras
  3 centaur warriors (D:13)
  A merfolk avatar (Lair:6)
  A death knight (D:13)
  9 two-headed ogres
  11 death yaks
  A deep troll earth mage (D:9)
  A tengu warrior (D:15)
  6 orc high priests (Orc:2)
  Urug (D:10)
  5 skeletal warriors (D:13)
  A sixfirhy (Orc:2)
  A sea snake (Lair:6)
  A torturous demonspawn (Orc:2)
  2 unseen horrors
  An infernal demonspawn (Orc:2)
  A gelid demonspawn (Orc:2)
  A lindwurm (Lair:6)
  5 orc knights (Orc:2)
  2 ugly things (D:12)
  7 orc sorcerers
  2 manticores
  3 cyclopes
  4 deep elf magi
  8 black mambas
  A smoke demon (Orc:2)
  2 centaur zombies
  6 elephants (Lair:6)
  A rust devil (Orc:2)
  8 spiny frogs
  2 gargoyles
  An ice devil (Orc:2)
  3 rime drakes
  7 komodo dragons
  A tengu conjurer (D:15)
  4 hornets
  3 wind drakes (Lair:6)
  5 trolls
  Grinder (D:3)
  5 polar bears (Lair:6)
  8 slime creatures
  9 hippogriffs
  5 blink frogs (Lair:6)
  Sigmund (D:4)
  4 wyverns
  54 yaks
  8 hogs
  5 wraiths
  A neqoxec (Orc:2)
  3 hungry ghosts
  3 humans
  3 basilisks
  6 vampire mosquitoes
  4 nagas (Lair:3)
  An acid dragon (D:9)
  A warg (Orc:2)
  14 water moccasins
  10 porcupines
  Duvessa (D:5)
  2 ice beasts
  33 orc warriors
  4 sky beasts
  An eye of draining (D:9)
  3 phantoms
  34 wolves
  A necrophage (D:12)
  13 ogres
  14 centaurs
  14 crocodiles
  2 big kobolds
  Blork the orc (D:8)
  15 bullfrogs
  A wyvern zombie (D:9)
  Dowan (D:5)
  9 scorpions
  5 killer bees (D:9)
  20 wights
  2 howler monkeys (D:9)
  9 crimson imps
  4 bullfrog zombies
  2 quasits
  5 hounds
  5 jellies
  23 orc priests
  Crazy Yiuf (D:3)
  8 bullfrog skeletons
  5 centaur skeletons
  21 orc wizards
  7 iguanas
  15 worker ants
  A hound zombie (D:6)
  2 worker ant zombies
  Robin (D:2)
  16 adders
  3 gnolls (D:10)
  5 shadow imps
  3 oozes
  2 adder skeletons
  2 adder zombies
  2 worms
  4 dart slugs
  7 leopard geckos
  56 orcs
  9 giant cockroaches
  11 goblins
  10 hobgoblins
  18 jackals
  8 quokkas
  5 ball pythons
  10 bats
  4 frilled lizards
  A giant cockroach zombie (D:5)
  A jackal skeleton (D:8)
  25 kobolds
  A leopard gecko skeleton (D:6)
  10 rats
782 creatures vanquished.

Vanquished Creatures (others)
  4 bushes
  6 fungi
  19 plants
  2 withered plants (D:3)
31 creatures vanquished.

Grand Total: 813 creatures vanquished

Notes
Turn   | Place    | Note
-------+----------+-------------------------------------------
     0 | D:1      | Duffy the Centaur Gladiator began the quest for the Orb.
     0 | D:1      | Reached XP level 1. HP: 17/17 MP: 1/1
   158 | D:1      | Reached skill level 3 in Long Blades
   187 | D:1      | Reached XP level 2. HP: 24/24 MP: 2/2
   848 | D:1      | Reached XP level 3. HP: 26/29 MP: 3/3
   986 | D:2      | Reached skill level 4 in Long Blades
  1434 | D:2      | Noticed Robin
  1502 | D:2      | HP: 1/29 [Robin/spear (3)]
  1503 | D:2      | Killed Robin
  1503 | D:2      | Reached XP level 4. HP: 1/36 MP: 4/4
  2611 | D:3      | Reached skill level 5 in Long Blades
  2692 | D:3      | Reached XP level 5. HP: 24/41 MP: 5/5
  2841 | D:3      | Found a basalt altar of Yredelemnul.
  2841 | D:3      | Found a radiant altar of Vehumet.
  3290 | D:3      | Found an ancient bone altar of Kikubaaqudgha.
  3293 | D:3      | Noticed Grinder
  3482 | D:3      | Killed Grinder
  3482 | D:3      | Reached skill level 6 in Long Blades
  3482 | D:3      | Reached XP level 6. HP: 24/48 MP: 6/6
  3645 | D:3      | Found a snail-covered altar of Cheibriados.
  3671 | D:3      | Became a worshipper of Cheibriados the Contemplative
  3716 | D:3      | Reached skill level 7 in Long Blades
  3884 | D:3      | Found an iron altar of Okawaru.
  3884 | D:3      | Found a bloodstained altar of Trog.
  3889 | D:3      | Found a sparkling altar of Nemelex Xobeh.
  3891 | D:3      | Found a shimmering altar of Xom.
  3892 | D:3      | Found a faded altar of an unknown god.
  3973 | D:3      | Found a runed door.
  3977 | D:3      | Noticed Crazy Yiuf
  3982 | D:3      | Killed Crazy Yiuf
  4234 | D:4      | Reached XP level 7. HP: 55/55 MP: 7/7
  4522 | D:4      | Noticed a hand axe
  4523 | D:4      | Noticed a hand axe
  4529 | D:4      | Found a hide-covered altar of Uskayaw.
  4533 | D:4      | Noticed Sigmund
  4539 | D:4      | Killed Sigmund
  4539 | D:4      | Reached skill level 8 in Long Blades
  5141 | D:4      | Reached * piety under Cheibriados
  5193 | D:5      | Entered Level 5 of the Dungeon
  5242 | D:5      | Found a hazy altar of Hepliaklqana.
  5436 | D:5      | Reached skill level 9 in Long Blades
  5436 | D:5      | Reached XP level 8. HP: 61/61 MP: 8/8
  6276 | D:5      | Found a staircase to the Ecumenical Temple.
  6339 | D:6      | Noticed Duvessa
  6343 | D:6      | Noticed Dowan
  6352 | D:5      | Reached skill level 1 in Armour
  7320 | D:6      | Reached ** piety under Cheibriados
  7854 | D:7      | Found a stormy altar of Qazlal.
  7940 | D:7      | Reached XP level 9. HP: 71/71 MP: 9/9
  8247 | D:7      | Found a burning altar of Makhleb.
  8390 | D:7      | Reached skill level 10 in Long Blades
  8395 | D:7      | Reached skill level 5 in Fighting
  9148 | D:8      | Reached *** piety under Cheibriados
  9166 | D:8      | Noticed a deep elf mage
  9174 | D:8      | Noticed a sun demon
  9178 | D:8      | Noticed a demonic crawler
  9737 | D:10     | Entered Level 10 of the Dungeon
  9897 | D:9      | Reached skill level 11 in Long Blades
  9928 | D:9      | Reached XP level 10. HP: 48/83 MP: 10/10
 10147 | D:8      | Killed a deep elf mage
 10522 | D:8      | Reached **** piety under Cheibriados
 10990 | D:8      | Reached skill level 12 in Long Blades
 11266 | D:8      | Noticed Blork the orc
 11491 | D:8      | Killed Blork the orc
 11491 | D:8      | Reached skill level 1 in Invocations
 11494 | D:8      | Found a deep blue altar of Sif Muna.
 11586 | D:9      | Found a staircase to the Lair.
 11823 | D:8      | Reached ***** piety under Cheibriados
 12135 | D:9      | Noticed a two-headed ogre
 12143 | D:9      | Killed a two-headed ogre
 12374 | D:9      | Noticed a cyclops
 12384 | D:9      | Killed a cyclops
 12384 | D:9      | Reached skill level 5 in Invocations
 12384 | D:9      | Reached XP level 11. HP: 54/90 MP: 14/14
 12830 | D:9      | Noticed a deep troll earth mage
 12830 | D:9      | Noticed Gastronok
 12831 | D:9      | Noticed a yaktaur captain
 12954 | D:10     | Noticed Urug
 13146 | D:10     | Noticed a two-headed ogre
 13206 | D:9      | Killed a deep troll earth mage
 13451 | D:5      | Killed Duvessa
 13452 | D:5      | Killed Dowan
 13634 | D:8      | Killed Gastronok
 13634 | D:8      | Reached skill level 13 in Long Blades
 13634 | D:8      | Reached skill level 5 in Armour
 13697 | D:9      | Killed a yaktaur captain
 13797 | D:9      | Noticed a two-headed ogre
 13811 | D:9      | Killed a two-headed ogre
 13989 | D:9      | Got a slimy plate armour
 14000 | D:9      | Identified the +11 plate armour of the Blizzard {rElec} (You found it on level 9 of the Dungeon)
 14443 | D:10     | Killed a two-headed ogre
 14457 | D:10     | Killed Urug
 14651 | D:9      | Reached XP level 12. HP: 43/97 MP: 17/17
 14939 | D:10     | Noticed a two-headed ogre
 14946 | D:10     | Killed a two-headed ogre
 15089 | D:10     | Reached ****** piety under Cheibriados
 15198 | D:10     | Noticed a two-headed ogre
 15204 | D:10     | Killed a two-headed ogre
 15392 | D:10     | Found Gurenkei's Antique Weapon Shop.
 15401 | D:10     | Bought a glowing great sword for 275 gold pieces
 15667 | D:10     | Found a staircase to the Orcish Mines.
 16047 | Lair:1   | Entered Level 1 of the Lair of Beasts
 16474 | Lair:1   | Noticed an eight-headed hydra
 16901 | Lair:2   | Identified a scroll of acquirement
 17202 | Lair:2   | Noticed a four-headed hydra
 17210 | Lair:2   | Killed a four-headed hydra
 17210 | Lair:2   | Reached skill level 14 in Long Blades
 17382 | Lair:2   | Noticed a five-headed hydra
 17390 | Lair:2   | Killed a five-headed hydra
 17680 | Lair:1   | Killed an eight-headed hydra
 18302 | Lair:3   | Found a staircase to the Snake Pit.
 18430 | Lair:3   | Found a staircase to the Swamp.
 18547 | Lair:3   | Reached XP level 13. HP: 104/107 MP: 19/19
 20063 | Lair:5   | Reached skill level 15 in Long Blades
 20308 | Lair:5   | Found a staircase to the Slime Pits.
 20802 | Lair:6   | Entered Level 6 of the Lair of Beasts
 20932 | Lair:6   | Found a labyrinth entrance.
 20945 | Lab      | Entered a labyrinth
 21265 | Lab      | Noticed a minotaur
 21271 | Lab      | Killed a minotaur
 21330 | Lab      | Got a twitching turquoise ring
 21336 | Lab      | Identified the ring "Donis" {+Fly rPois rF- Dex+4} (You found it in a labyrinth)
 21478 | Lair:6   | Reached skill level 16 in Long Blades
 21562 | Lair:6   | Noticed anet's ghost (adept MiFi)
 21583 | Lair:6   | Killed anet's ghost
 21971 | Lair:6   | Reached XP level 14. HP: 111/115 MP: 20/20
 22487 | Lair:6   | Noticed Kirke
 22507 | Lair:6   | Killed Kirke
 22507 | Lair:6   | Reached skill level 17 in Long Blades
 24680 | Orc:1    | Entered Level 1 of the Orcish Mines
 24880 | Orc:1    | Found a roughly hewn altar of Beogh.
 25026 | Orc:2    | Entered Level 2 of the Orcish Mines
 25359 | Orc:2    | Found a staircase to the Elven Halls.
 25430 | Orc:2    | Reached skill level 18 in Long Blades
 25839 | Orc:2    | Found a roughly hewn altar of Beogh.
 26850 | Orc:2    | Found Ismyr's Distillery.
 26854 | Orc:2    | Found Kusomos's Distillery.
 27890 | Orc:2    | Reached XP level 15. HP: 111/124 MP: 21/21
 28400 | Orc:2    | Found Lopuwaan's Gadget Emporium.
 28400 | Orc:2    | Found a one-way gate leading to the halls of Pandemonium.
 28400 | Orc:2    | Found Plog's Antique Armour Shoppe.
 28455 | Orc:2    | Bought a faintly humming plate armour for 784 gold pieces
 28465 | Orc:2    | Identified the cursed +0 plate armour "Susch" {Str+3 Int+4} (You bought it in a shop on level 2 of the Orcish Mines)
 28506 | Orc:2    | Bought a potion of cancellation for 120 gold pieces
 28506 | Orc:2    | Bought a potion of curing for 45 gold pieces
 28506 | Orc:2    | Bought a potion of magic for 120 gold pieces
 28506 | Orc:2    | Bought a potion of magic for 120 gold pieces
 28506 | Orc:2    | Bought a potion of agility for 60 gold pieces
 28506 | Orc:2    | Bought a potion of curing for 45 gold pieces
 28506 | Orc:2    | Bought a potion of flight for 45 gold pieces
 28506 | Orc:2    | Bought a potion of curing for 45 gold pieces
 28506 | Orc:2    | Bought a potion of curing for 45 gold pieces
 29900 | D:12     | Gained mutation: You are dopey. (Int -2) [mutagenic meat]
 29901 | D:12     | Gained mutation: You are somewhat resistant to further mutation. [mutagenic meat]
 30569 | D:13     | Found a gate to the Vaults.
 30576 | D:13     | Reached skill level 5 in Dodging
 30830 | D:13     | Reached skill level 10 in Fighting
 33549 | D:15     | Entered Level 15 of the Dungeon
 33736 | D:15     | Cast into level 2 of the Abyss (a wizard)
 33737 | Abyss:2  | Quit the game

Vault maps used:
D:1:      dpeg_arrival_simpleton_a
D:2:      serial_bayou_lagoon_b, uniq_robin
D:3:      nicolae_overflow_hidden_temple, kennysheep_slug_shrine,
          kiku_gazebo_garden_becter, chequers_temple_overflow_minitemple,
          yredelemnul_altar_generic, uniq_crazy_yiuf_cottage, uniq_grinder
D:4:      dancing_weapons_uskayaw, uniq_sigmund
D:5:      temple_hall, basic_altar, first_bread, grunt_decor_one_mirror,
          serial_bayou_pond_b
D:6:      uniq_duvessa
D:7:      grunt_qazlal_clouds, nicolae_overflow_crystal_walls, grunt_livestock
D:8:      tgw_sif, minivault_1, kennysheep_small_square
D:9:      minmay_the_grid_3x3, grunt_lair_entry_orc_guard_hut, corner_web_ring,
          uniq_gastronok
D:10:     orc_0_dummy, serial_shops, nicolae_shop_crystal, uniq_urug
D:11:     serial_glass, glass_columns_a, glass_columns_b
D:12:     minmay_misc_feat_more_columns
D:13:     lightli_vaults_fourway_checkpoint, billiards_dpeg
D:14:     serial_park_gazebo
D:15:     grunt_enter_depths_magical_seal, serial_shops, shop, shop_statue,
          statue_in_the_mist_lemuel
Lair:1:   grunt_megastairs_3, minmay_lair_oklob_chamber
Lair:2:   lemuel_fruit_fields
Lair:3:   minmay_swamp_entry_worms, minmay_snake_entry_guardpost_small,
          serial_bayou_shore_b, grunt_megastairs_2
Lair:4:   dragon1_lemuel
Lair:5:   nicolae_slime_entry_slimehenge, serial_bayou_lagoon_a,
          grunt_forest_large_clearings
Lair:6:   gammafunk_lair_ancient_temple, lab_entry_generic,
          infiniplex_staircase_pool_2, uniq_kirke
Orc:1:    basic_altar
Orc:2:    pf_orc_diabolical, basic_altar

Skill      XL: |  1  2  3  4  5  6  7  8  9 10 11 12 13 14 15 |
---------------+----------------------------------------------+-----
Long Blades    | 3 4 5 6 7 9 11 12 13 14 16 18 | 18.7
Fighting       | 3 6 7 8 9 10 | 10.7
Armour         | 4 5 7 8 9 |  9.5
Invocations    | 5 7 9 |  9.0
Dodging        | 4 6 |  6.0
Throwing       | |  2.1

Action                   |  1- 3 |  4- 6 |  7- 9 | 10-12 | 13-15 || total
-------------------------+-------+-------+-------+-------+-------++-------
Melee: Long sword        |   128 |   162 |   205 |       |       ||   495
       Kick              |    29 |    46 |   151 |   271 |   592 ||  1089
       Great sword       |       |       |   148 |   476 |  1028 ||  1652
       Morningstar       |       |       |       |    10 |     8 ||    18
Invok: Bend Time         |       |       |       |     2 |       ||     2
       Slouch            |       |       |       |       |    12 ||    12
Evoke: Wand              |       |     3 |     4 |     7 |    10 ||    24
  Use: Scroll            |       |     6 |    13 |    12 |    10 ||    41
       Potion            |       |       |       |     5 |     1 ||     6
 Stab: Invisible         |       |       |       |     1 |       ||     1
       Distracted        |       |       |       |       |     2 ||     2
  Eat: Chunk             |     1 |     8 |     6 |     1 |    14 ||    30
       Meat ration       |       |       |     1 |     3 |     4 ||     8
Armor: Leather armour    |    34 |       |       |       |       ||    34
       Chain mail        |    50 |    92 |    57 |       |       ||   199
       Plate armour      |       |       |   128 |   206 |   811 ||  1145
       Pearl dragon scal |       |       |    23 |   144 |       ||   167
       Skin              |       |       |       |     1 |       ||     1
Dodge: Dodged            |    57 |    36 |    98 |   230 |   319 ||   740
Block: Other             |       |       |    27 |    88 |   145 ||   260
       Reflection        |       |       |     1 |     8 |     9 ||    18
       Rpst.: Long sword |    14 |    18 |    19 |       |       ||    51
       Great sword       |       |       |    15 |    64 |    68 ||   147
